AoeStats
← MR1BOOMBOX

Nomad

509662884Analyzed
3v3 RM · 6d ago on Sep 27, 2026· 81m 12s· 6 players
Game mode
Random Map
Map size
210×210
Population
200
Speed
Normal
Resources
Standard
Victory
Conquest
Starting age
Dark Age
Ending age
Imperial Age
RankedLock teamsTeams togetherTeam positionsShared explorationLock speedFull tech treeHidden civsTurbo modeCheats
Victory
Defeat
🇹🇼 Japanese · Taiwan
994
+16
🇳🇱 Varangians · Netherlands
945
+53
🇩🇪 Vietnamese · Germany
934
+18
🇺🇸 Huns · United States
1037
-20
🇺🇸 Spanish · United States
1008
-18
🇺🇸 Franks · United States
914
-37
Lil_Sleezy
3:50 Loom
17:38 Feudal Age
22:17 Castle Age
20:29 Gold Mining
20:44 Double-Bit Axe
21:41 Stone Mining
23:55 Gold Shaft Mining
24:32 Scale Barding Armor
24:38 Forging
26:28 Chain Barding Armor
28:06 Chain Barding Armor
31:23 Bloodlines
32:11 Iron Casting
32:05 Medium Warships
36:42 Husbandry
41:39 Fishing Lines
46:50 Imperial Age
52:27 Plate Barding Armor
56:59 Blast Furnace
57:38 Fletching
59:31 Bodkin Arrow
59:37 Padded Archer Armor
60:45 Parthian Tactics
61:08 Bracer
63:51 Heavy Cavalry Archer
MR1BOOMBOX
18:46 Feudal Age
21:43 Fishing Lines
23:14 Double-Bit Axe
30:22 Gold Mining
36:09 Castle Age
43:03 Imperial Age
42:00 Medium Warships
41:42 Gillnets
42:25 Bow Saw
49:29 Fletching
49:40 Padded Archer Armor
54:11 Heavy Warships
61:15 Man-at-Arms
62:11 Gambesons
62:27 Squires
64:22 Gold Shaft Mining
63:39 Stone Mining
66:23 Loom
67:13 Wheelbarrow
66:24 Town Watch
76:29 Conscription
Rival_MG
11:40 Loom
15:57 Feudal Age
16:02 Man-at-Arms
16:28 Arson
17:05 Double-Bit Axe
17:05 Horse Collar
18:01 Scale Mail Armor
18:13 Forging
24:52 Castle Age
23:39 Fletching
25:11 Elite Skirmisher
25:50 Bodkin Arrow
25:57 Padded Archer Armor
28:37 Thumb Ring
30:20 Thumb Ring
39:27 Fishing Lines
39:51 Heavy Plow
41:35 Ballistics
41:54 Redemption
42:01 Fervor
43:44 Wheelbarrow
46:22 Sanctity
49:36 Bow Saw
52:40 Imperial Age
52:56 Capped Ram
54:21 Conscription
53:57 Siege Ram
57:01 Gold Mining
57:03 Stone Mining
58:47 Block Printing
59:00 Illumination
60:04 Hand Cart
60:25 Cavalier
61:16 Bloodlines
61:07 Husbandry
63:02 Block Printing
63:34 Scale Barding Armor
64:05 Iron Casting
70:19 Illumination
DeadlyDaan
7:21 Loom
20:15 Feudal Age
21:19 Horse Collar
21:48 Man-at-Arms
22:31 Scale Mail Armor
22:41 Forging
22:33 Fishing Lines
23:39 Wheelbarrow
24:32 Forging
24:19 Arson
25:23 Gold Mining
25:51 Double-Bit Axe
30:01 Castle Age
29:40 Fletching
33:18 Stone Mining
39:39 Bow Saw
40:15 Elite Skirmisher
41:13 Bodkin Arrow
44:45 Chain Mail Armor
48:20 Heavy Plow
48:02 Pikeman
49:22 Squires
50:05 Hand Cart
50:43 Iron Casting
51:22 Town Watch
61:42 Imperial Age
64:58 Stone Shaft Mining
66:19 Padded Archer Armor
67:18 Ballistics
67:58 Chemistry
66:47 Imperial Skirmisher
69:59 Bracer
CRi
5:52 Loom
14:11 Feudal Age
20:12 Castle Age
18:47 Double-Bit Axe
18:58 Gold Mining
22:55 Fletching
32:55 Padded Archer Armor
40:44 Town Watch
44:53 Bodkin Arrow
47:08 Ballistics
47:07 Leather Archer Armor
52:45 Imperial Age
55:48 Bow Saw
65:56 Elite Rattan Archer
67:06 Paper Money
79:05 Spies/Treason
roger777
4:35 Loom
17:09 Feudal Age
18:33 Man-at-Arms
24:12 Castle Age
26:01 Double-Bit Axe
38:53 Horse Collar
39:33 Forging
39:27 Scale Mail Armor
39:42 Pikeman
45:11 Thumb Ring
45:06 Gold Mining
45:18 Heavy Plow
46:07 Fletching
47:24 Bodkin Arrow
50:32 Imperial Age
48:34 Gambesons
50:58 Chain Mail Armor
50:41 Halberdier
54:30 Wheelbarrow
54:59 Plate Mail Armor
55:24 Conscription
54:50 Elite Skirmisher
55:54 Ballistics
56:55 Iron Casting
58:49 Squires
59:48 Capped Ram
61:51 Chemistry
61:33 Scale Barding Armor
64:06 Padded Archer Armor
66:16 Gold Shaft Mining
66:34 Hand Cart
67:00 Bracer
69:12 Masonry
69:04 Long Swordsman
71:42 Blast Furnace
70:04 Two-Handed Swordsman
70:30 Arson
71:42 Imperial Skirmisher
73:31 Champion
74:45 Leather Archer Armor
76:03 Ring Archer Armor
76:38 Chain Barding Armor
78:15 Parthian Tactics
77:11 Heavy Cavalry Archer
77:13 Crossbowman
78:09 Siege Engineers
77:53 Town Watch
78:41 Town Patrol
81:05 Spies/Treason
Connection lost

Rejoining the realm…

Still unreachable

The connection could not be restored.

Session expired

The server has moved on; the page needs a fresh start.